 Dungeon Crawl Stone Soup version 0.31-a0-229-g1fc7ce9 (webtiles) character file.

Game seed: 14118897390479157871

2 Dawnplanks the Gusty (level 1, 0/10 HPs)
             Began as a Tengu Air Elementalist on July 6, 2023.
             Slain by a jackal (3 damage)
             ... on level 1 of the Dungeon.
             The game lasted 00:00:08 (39 turns).

Dawnplanks the Gusty (Tengu Air Elementalist)         Turns: 39, Time: 00:00:08

Health: 0/10       AC:  2    Str:  8    XL:     1   Next: 40%
Magic:  0/4        EV: 12    Int: 15    God:
Gold:   0          SH:  0    Dex: 14    Spells: 3/4 levels left

rFire   . . .        (no weapon)
rCold   . . .        (no shield)
rNeg    . . .        a - +0 robe
rPois   .            (helmet restricted)
rElec   .            (no cloak)
rCorr   .            (no gloves)
SInv    .            (boots unavailable)
Will    .....        (no amulet)
Stlth   ++           (no ring)
HPRegen 0.21/turn    (no ring)
MPRegen 0.09/turn

%: no passive effects
@: no status effects
A: beak, talons 3
a: no special abilities


You were on level 1 of the Dungeon.
You visited 1 branch of the dungeon, and saw 1 of its levels.

Inventory:

Armour
 a - a +0 robe (worn)
Potions
 b - a potion of magic


   Skills:
 + Level 2.1 Dodging
 + Level 2.0 Stealth
 + Level 2.0 Spellcasting
 + Level 1.3 Conjurations
 + Level 4.2 Air Magic


You had 3 spell levels left.
You knew the following spells:

 Your Spells              Type           Power      Damage    Failure   Level
a - Shock                 Conj/Air       36%        1d5       7%          1

Your spell library contained the following spells:

 Spells                   Type           Power      Damage    Failure   Level
 Static Discharge         Conj/Air       18%        2-3/arc   11%         2
 Swiftness                Air            14%        N/A       12%         3
 Airstrike                Air            7%         2d(1-17)  36%         4


Dungeon Overview and Level Annotations

Branches:
Dungeon (1/15)

Altars:


Innate Abilities, Weirdness & Mutations

You have a beak for a mouth.
You have claws for feet.


Message History

The zap hits the giant cockroach.
The giant cockroach is heavily wounded.
A jackal comes into view.
The zap misses the giant cockroach.
The jackal barks!
A jackal comes into view.
The zap hits the giant cockroach.
The giant cockroach is severely wounded.
The zap hits the jackal.
The jackal is lightly wounded.
The jackal barks!
You are out of magic!
You are out of magic!
You are out of magic!
You are out of magic!
The giant cockroach waves its antennae.
You barely miss the jackal.
The jackal bites you but does no damage.
You closely miss the jackal. You claw the jackal, but do no damage.
Your peck misses the jackal. The jackal bites you.
The zap hits the jackal.
The jackal is lightly wounded.
The zap misses the quokka.
The zap hits the jackal.
The jackal is almost dead.
The zap hits the giant cockroach.
You kill the giant cockroach!
The jackal bites you. The jackal closely misses you.
You hit the jackal but do no damage. You claw the jackal, but do no damage.
You peck the jackal, but do no damage.
The jackal is lightly wounded.
The jackal bites you.
* * * LOW HITPOINT WARNING * * *
You hit the jackal.
The jackal is moderately wounded.
The jackal bites you but does no damage.
The jackal closely misses you.
You hit the jackal but do no damage.
The jackal is moderately wounded.
The jackal bites you.
You die...

#<..P~≈~# ####.≈~≈#
#~~≈.~~≈# ########
#~~P.~.~# #......#
#~≈P..≈.# #......#
#.~.≈.P≈#
###......###P.≈≈..~#
...........#+#####'#
.........#†hrh@....#
.........###########
.........#
.........#
...(..#### ......
######


You could see a quokka and 2 jackals.

Vanquished Creatures
  A giant cockroach (D:1)
  A jackal (D:1)
2 creatures vanquished.

Notes
Turn   | Place    | Note
-------+----------+-------------------------------------------
     0 | D:1      | Dawnplanks the Tengu Air Elementalist began the quest for
                  | the Orb.
     0 | D:1      | Reached XP level 1. HP: 10/10 MP: 4/4
    39 | D:1      | Slain by a jackal

Illustrated notes

Levels and vault maps discovered:
D:1:      lightli_arrival_flooded_house, layout_basic

Action                     || total
---------------------------++-------
  Melee: Unarmed           ||     5
         Kick              ||     2
         Peck              ||     1
   Cast: Shock             ||     5
 Armour: Robe              ||     2
  Dodge: Dodged            ||     2

Table legend: (Time is in decaauts)
 A = Elapsed time spent in this place.
 B = Non-inter-level travel time spent in this place.
 C = Inter-level travel time spent in this place.
 D = Time resting spent in this place.
 E = Time spent auto-exploring this place.
 F = Levels seen in this place.
 G = Mean time per level.
                   A        B        C        D        E       F      G
               +--------+--------+--------+--------+--------+-----+--------+
         Total |     39 |     39 |      0 |      0 |     20 |   1 |   39.0 |
       Dungeon |     39 |     39 |      0 |      0 |     20 |   1 |   39.0 |
               +--------+--------+--------+--------+--------+-----+--------+

Top non-repeatable levels by time:
     D:1: 39 daAuts
